[Event "EYCC Girls U14 2018"]
[Site "Riga"]
[Date "2018.08.24"]
[Round "5"]
[White "Kirchei, Viktoriia"]
[Black "Hakobyan, Astghik"]
[Result "1/2-1/2"]
[ECO "C07"]
[WhiteElo "1987"]
[BlackElo "1820"]
[Annotator "NA"]
[PlyCount "147"]
[EventDate "2018.08.20"]
[EventType "swiss"]
[EventCountry "LAT"]
[SourceTitle "playchess.com"]
[Source "ChessBase"]
[SourceQuality "1"]
[TimeControl "40/5400+30:1800+30"]

1. e4 e6 2. d4 d5 3. Nd2 c5 4. exd5 Qxd5 5. dxc5 Bxc5 6. Ngf3 Nf6 {[%emt 0:00:35] LiveBook: 315 Games} 7. Bc4 Qc6 {[%emt 0:00:36] C07: French Tarrasch: 3...c5, 4 Ngf3 and 4 exd5 Qxd5} 8. Qe2 Nbd7 (8... O-O 9. Nb3 Nbd7 10. Bf4 Bd6 11. Nbd4 Qb6 12. Bxd6 Qxd6 13. O-O-O Qf4+ 14. Kb1 Nb6 15. Bb3 {0-1 (28) Naiditsch,A (2705)-Le,Q (2737) Riadh 2017}) 9. O-O O-O 10. Nb3 b6 11. Nxc5 Nxc5 12. Ne5 Qe4 13. Qxe4 {[%emt 0:05:00] [#]} Ncxe4 $146 ({Predecessor:} 13... Nfxe4 14. Rd1 Bb7 15. a4 {1-0 (41) Firman,N (2531)-Rustemov,A (2544) Germany 2013}) 14. Bf4 Bb7 15. f3 Nd6 16. Bd3 Nd5 17. Bd2 f6 18. Ng4 Rac8 19. b3 b5 20. a3 Rfd8 21. Nf2 a6 22. Rac1 Nc3 23. Nd1 $11 Nxd1 24. Rfxd1 Nf7 25. Bf4 Rc3 26. Re1 Bd5 27. Re3 Rdc8 28. Rd1 g5 29. Bg3 h5 30. Be1 R3c6 31. a4 Ne5 32. axb5 axb5 33. Bxb5 Rxc2 34. Bg3 Nf7 35. Bd7 Rd8 36. Ba4 g4 37. b4 Rb2 38. Be1 gxf3 39. gxf3 Ra8 40. Bc3 Ra2 41. Bb5 Ng5 42. Be2 R8a3 43. Kf2 Bxf3 44. Re1 Bg4 45. Bd2 f5 46. Rxa3 Ne4+ 47. Kg1 Rxa3 48. Bc1 Rb3 49. Bc4 Rxb4 50. Bxe6+ Kg7 51. Ba3 Ra4 52. Bb2+ Kg6 53. Kg2 Ng5 54. Bd5 Ra5 55. Bg8 h4 56. Rc1 Bf3+ 57. Kf2 Ra8 58. Bc4 Rd8 59. Ke3 Be4 60. Rg1 Rb8 61. Be5 Rb1 62. Rxb1 Bxb1 63. Bf1 Ne6 64. Bc4 Ng5 65. Bf1 Be4 66. Bc3 Bc6 67. Kf4 Ne6+ 68. Ke5 Ng7 69. Be2 Bg2 70. Be1 h3 71. Bd3 Kg5 72. Bd2+ Kg6 73. Bb4 Bf3 74. Bf8 1/2-1/2

[Event "EYCC Girls U14 2018"]
[Site "Riga"]
[Date "2018.08.24"]
[Round "5"]
[White "Wikar, Martyna"]
[Black "Kuhar, Larisa"]
[Result "1-0"]
[ECO "B50"]
[WhiteElo "1974"]
[BlackElo "1877"]
[Annotator "NA"]
[PlyCount "137"]
[EventDate "2018.08.20"]
[EventType "swiss"]
[EventCountry "LAT"]
[SourceTitle "playchess.com"]
[Source "ChessBase"]
[SourceQuality "1"]
[TimeControl "40/5400+30:1800+30"]

1. e4 c5 2. Nf3 d6 3. Bc4 Nf6 4. d3 e6 5. Bb3 Be7 6. O-O O-O {[%emt 0:00:46] B50: Sizilianisch (Verschiedenes mit 2...d6)} 7. c3 a6 (7... b5 8. Re1 Bb7 9. Nbd2 Nc6 10. a3 Qb6 11. Bc2 Nd7 12. Nf1 Nde5 13. Ng5 Rad8 14. Qh5 Bxg5 15. Bxg5 {1-0 (47) Popovic,D (2525)-Kozul,Z (2604) Hungary 2018}) 8. Re1 Nc6 9. d4 cxd4 10. Nxd4 $146 ({Vorgänger:} 10. cxd4 e5 11. h3 b5 {1-0 (23) Stoleriu,G (2354)-Dobre,M (2044) Baile Govora 2017}) 10... Qc7 11. Nd2 Bd7 12. Nf1 Rac8 13. Ng3 Na5 14. Bc2 Nc4 15. Qe2 b5 16. Kh1 Qb6 17. f4 b4 18. e5 dxe5 19. fxe5 $14 Nd5 20. Qg4 f5 21. exf6 Nxf6 22. Qe2 Rc5 23. Nf3 Rcc8 24. Ne4 Bb5 25. Nxf6+ Bxf6 26. Qe4 g6 27. Bh6 Bg7 28. Bxg7 Kxg7 29. b3 Na3 30. c4 Nxc2 31. Qxc2 Bd7 32. Rad1 Qb7 33. Ne5 Bc6 34. Qe2 Rce8 35. Rd6 Rc8 36. Nxc6 Rxc6 37. Qxe6 Rxd6 38. Qxd6 Rf7 39. Qd4+ Kh6 40. h3 a5 41. Re4 Rf1+ 42. Kh2 Qc7+ 43. g3 Rf7 44. Rh4+ Kg5 45. Qd5+ Rf5 46. Rg4+ Kf6 47. Qd4+ Qe5 48. Kg2 Qxd4 49. Rxd4 Re5 50. Kf2 Kf5 51. Rf4+ Ke6 52. Rf8 Ke7 53. Ra8 Kf6 54. Kf3 Rh5 55. h4 Re5 56. Ra6+ Kg7 57. g4 h5 58. Kf4 Re1 59. gxh5 Rf1+ 60. Kg3 gxh5 61. Rxa5 Kg6 62. Rb5 Ra1 63. Rxb4 Rxa2 64. Rb6+ Kf5 65. Rh6 Ke4 66. Rxh5 Rd2 67. Rd5 Rb2 68. Rb5 Rb1 69. Kg4 {[%emt 0:00:54] Kd5} 1-0

[Event "EYCC Girls U14 2018"]
[Site "Riga"]
[Date "2018.08.24"]
[Round "5"]
[White "Mkrtchyan, Mariam"]
[Black "Mironenko, Galina"]
[Result "1/2-1/2"]
[ECO "E06"]
[WhiteElo "1881"]
[BlackElo "1998"]
[Annotator "NA"]
[PlyCount "118"]
[EventDate "2018.08.20"]
[EventType "swiss"]
[EventCountry "LAT"]
[SourceTitle "playchess.com"]
[Source "ChessBase"]
[SourceQuality "1"]
[TimeControl "40/5400+30:1800+30"]

1. d4 e6 2. c4 Nf6 3. g3 Be7 4. Bg2 d5 5. Nf3 O-O 6. O-O b6 7. Nc3 Bb7 8. Ne5 Na6 9. Qa4 c5 10. cxd5 exd5 11. Bg5 Qd6 12. Rfd1 Rfd8 13. Rac1 $11 Qe6 14. Nd3 Nc7 15. Bf4 Bc6 16. Qc2 Nce8 17. Be5 c4 18. Nf4 Qc8 19. e4 dxe4 20. d5 Bb7 21. Bh3 Qc5 22. Nxe4 Nxe4 23. Qxe4 b5 24. Bg2 Bf6 25. Nh5 Bxe5 26. Qxe5 Qd6 27. Qd4 Qh6 28. Qe5 Qd6 29. Qg5 Qg6 30. Qh4 Nd6 31. Nf4 Qf5 32. Qe7 Rd7 33. Qe3 Qf6 34. Qd4 Qxd4 35. Rxd4 Rad8 36. h4 Nc8 37. Rcd1 Rd6 38. Ne2 Nb6 39. Nc3 a6 40. a3 Kf8 41. g4 Bc8 42. Kh2 f6 43. Kg3 Bb7 44. Be4 g6 45. Bg2 Kg7 46. Kf4 h6 47. h5 g5+ 48. Kg3 Bc8 49. Bh3 Be6 50. R4d2 Bf7 51. Bg2 f5 52. Bf3 f4+ 53. Kg2 Kf8 54. Re2 Nxd5 55. Nxd5 Bxd5 56. Bxd5 Rxd5 57. Rxd5 Rxd5 58. Re6 Kg7 59. Rg6+ Kh7 1/2-1/2

[Event "EYCC Girls U14 2018"]
[Site "Riga"]
[Date "2018.08.24"]
[Round "5"]
[White "Sovina, Maria"]
[Black "Stepanyan, Eva"]
[Result "0-1"]
[ECO "E32"]
[WhiteElo "1856"]
[BlackElo "2101"]
[Annotator "NA"]
[PlyCount "78"]
[EventDate "2018.08.20"]
[EventType "swiss"]
[EventCountry "LAT"]
[SourceTitle "playchess.com"]
[Source "ChessBase"]
[SourceQuality "1"]
[TimeControl "40/5400+30:1800+30"]

1. d4 Nf6 2. c4 e6 3. Nc3 Bb4 4. Qc2 O-O 5. a3 Bxc3+ 6. Qxc3 b6 7. Bg5 Bb7 8. e3 h6 9. Bh4 d5 10. cxd5 g5 11. Bg3 Nxd5 12. Qc2 Nd7 13. h4 c5 14. hxg5 Qxg5 $18 15. Nf3 Nxe3 16. Qd3 Bxf3 17. Qxe3 Qxe3+ 18. fxe3 Bc6 19. Rc1 Kg7 20. Bd6 Rfe8 21. b4 e5 22. dxc5 bxc5 23. bxc5 Re6 24. Bd3 e4 25. Bc4 Rg6 26. Rc2 Re8 27. Rf1 f6 28. a4 Ne5 29. Bxe5 Rxe5 30. Bb5 f5 31. Rff2 a6 32. Be2 Bxa4 33. Rc4 Bb5 34. Rc3 Rc6 35. Bxb5 axb5 36. Rfc2 Kf6 37. Kd2 Rd5+ 38. Kc1 Ke5 39. g3 Kf6 0-1

[Event "EYCC Girls U14 2018"]
[Site "Riga"]
[Date "2018.08.24"]
[Round "5"]
[White "Efendieva, Alina"]
[Black "Guillo Longares, Cecilia"]
[Result "0-1"]
[ECO "B35"]
[WhiteElo "1843"]
[BlackElo "2030"]
[Annotator "NA"]
[PlyCount "112"]
[EventDate "2018.08.20"]
[EventType "swiss"]
[EventCountry "LAT"]
[SourceTitle "playchess.com"]
[Source "ChessBase"]
[SourceQuality "1"]
[TimeControl "40/5400+30:1800+30"]

1. e4 c5 2. Nf3 Nc6 3. d4 cxd4 4. Nxd4 g6 5. Nc3 Bg7 6. Be3 Nf6 7. Bc4 O-O 8. Bb3 Re8 {[%emt 0:00:00] B35: Sicilian: Accelerated Dragon with 5 Nc3: main line} 9. f3 {[%emt 0:00:45] LiveBook: 43 Games} e6 (9... d5 10. exd5 Nb4 11. Nde2 e6 12. Bd4 exd5 13. O-O Be6 14. Bf2 d4 15. Nxd4 Bxb3 16. Nxb3 {½-½ (16) Jakovenko,D (2735)-Gelfand,B (2695) Poikovsky 2018}) 10. Qd2 d5 11. O-O $146 ({Predecessor:} 11. O-O-O Nxd4 12. Bxd4 e5 13. Bf2 d4 14. Ne2 a5 15. c3 Qc7 16. Kb1 {½-½ (29) Talpak,T (2468)-Williamson,H (2537) ICCF email 2016}) 11... Nxd4 12. Bxd4 dxe4 13. fxe4 Nxe4 14. Nxe4 Qxd4+ 15. Qxd4 Bxd4+ 16. Kh1 Bxb2 17. Rae1 Bg7 18. Nd6 Re7 19. Rf3 Bd7 20. Ref1 Be8 21. a4 Rd8 22. Nc4 Red7 23. Ne3 $19 Rd2 24. Bc4 Bd4 25. Ng4 Bc6 26. Rg3 Kg7 27. c3 Bxc3 28. Rxc3 Rxg2 29. Rxf7+ Kg8 30. Nh6+ Kh8 31. Bf1 Rdd2 32. Rxc6 Rxh2+ 33. Kg1 bxc6 34. Ng4 Rh4 35. Nf6 Rdd4 36. Rxa7 Rxa4 37. Re7 Ra1 38. Rf7 e5 39. Kg2 Raa4 40. Bd3 Raf4 41. Kg3 Rh6 42. Bc2 c5 43. Be4 g5 44. Ng4 Rh4 45. Rxf4 exf4+ 46. Kf3 Rh3+ 47. Kf2 h5 48. Ne5 Kg7 49. Nf3 Kf6 50. Nd2 g4 51. Bg2 Ra3 52. Ne4+ Kf5 53. Nxc5 g3+ 54. Ke1 Ra1+ 55. Ke2 Ra2+ 56. Kf3 Rf2# {[%emt 0:00:08] Bf1} 0-1

[Event "EYCC Girls U14 2018"]
[Site "Riga"]
[Date "2018.08.26"]
[Round "6"]
[White "Stepanyan, Eva"]
[Black "Bondareva, Daria"]
[Result "1/2-1/2"]
[ECO "B15"]
[WhiteElo "2101"]
[BlackElo "1922"]
[Annotator "NA"]
[PlyCount "147"]
[EventDate "2018.08.20"]
[EventType "swiss"]
[EventCountry "LAT"]
[SourceTitle "playchess.com"]
[Source "ChessBase"]
[SourceQuality "1"]
[TimeControl "40/5400+30:1800+30"]

1. e4 c6 2. d4 d5 3. Nc3 dxe4 4. Nxe4 Nf6 5. Nxf6+ exf6 6. c3 Bd6 7. Bd3 O-O 8. Ne2 Re8 9. Qc2 h6 10. O-O Nd7 {[%emt 0:00:32] B15: Caro-Kann (Flohr-Variante)} (10... Qc7 11. Ng3 Nd7 12. Bd2 Nf8 13. Rfe1 Be6 14. c4 Rad8 15. Bc3 h5 16. b3 h4 17. Nf1 Bc8 18. Rxe8 Rxe8 {1-0 (53) Mekhitarian,K (2545)-Leitao,R (2619) Foz do Iguacu 2018}) 11. Bf4 Nf8 12. Bxd6 Qxd6 13. Ng3 Bd7 $146 ({Vorgänger:} 13... Ne6 14. Rfe1 Bd7 15. Nf5 Qc7 16. Bf1 g6 17. Ne3 Rad8 18. Rad1 {½-½ (34) Svoboda,S (2441)-Lechtynsky,J (2365) Czech Republic 2017}) 14. Rad1 b6 15. c4 Ne6 16. Nf5 Qf8 17. d5 cxd5 18. cxd5 Nc5 19. d6 Nxd3 20. Ne7+ Rxe7 21. dxe7 Qxe7 22. Qxd3 Be6 23. b3 Qa3 $16 24. Rd2 Rc8 25. Rfd1 g6 26. Qd6 Qxd6 27. Rxd6 Rc2 28. R6d2 Rc5 29. Rd8+ Kg7 30. Ra8 Ra5 31. f3 Rxa2 32. b4 f5 33. Rc1 f4 34. h4 g5 35. hxg5 hxg5 36. Rc7 a6 37. Rca7 Rb2 38. Rxa6 Rxb4 39. Rb8 b5 40. Rab6 Bc4 41. Rc8 Rb1+ 42. Kh2 Be6 43. Rc5 Kg6 44. Rbxb5 Rxb5 45. Rxb5 Bc4 46. Rc5 Bd3 47. Kg1 Be2 48. Kf2 Bd3 49. Ke1 f6 50. Ra5 Bc4 51. Ra4 Bd3 52. Ra1 Bb5 53. Kd2 Bc6 54. Kd3 Bb5+ 55. Kd4 Be2 56. Ke4 Bc4 57. Rb1 Be2 58. Rb2 Bf1 59. Ra2 Bc4 60. Ra1 Be2 61. Kd5 Kf5 62. Kd4 Kg6 63. Ke4 Bc4 64. Re1 Ba6 65. Rg1 Be2 66. Rh1 Bc4 67. Kd4 Ba6 68. Ra1 Be2 69. Kd5 Kf5 70. Kd6 g4 71. Ra5+ Kg6 72. Ra3 Kg5 73. Kd5 Bf1 74. Ra2 1/2-1/2

[Event "EYCC Girls U14 2018"]
[Site "Riga"]
[Date "2018.08.26"]
[Round "6"]
[White "Eizaguerri Floris, Maria"]
[Black "Nur Mukhametova, Alisa"]
[Result "1-0"]
[ECO "A48"]
[WhiteElo "2065"]
[BlackElo "1856"]
[Annotator "NA"]
[PlyCount "161"]
[EventDate "2018.08.20"]
[EventType "swiss"]
[EventCountry "LAT"]
[SourceTitle "playchess.com"]
[Source "ChessBase"]
[SourceQuality "1"]
[TimeControl "40/5400+30:1800+30"]

1. d4 Nf6 2. Nf3 g6 3. Bf4 Bg7 4. e3 O-O 5. Be2 d6 6. O-O Nbd7 7. h3 Re8 8. c4 b6 9. Nc3 Bb7 10. Rc1 {[%emt 0:00:41] E61: King's Indian: Early deviations for White, including Smyslov System} (10. Bh2 e5 11. dxe5 dxe5 12. Qc2 e4 13. Nd4 a6 14. Rfd1 Qc8 15. Nd5 c5 16. Nb3 Nxd5 17. cxd5 Qd8 18. a4 {0-1 (50) Pakleza,Z (2496)-Mamedyarov,S (2804) chess.com INT 2018}) 10... e5 11. Bh2 Ne4 12. b4 Nxc3 13. Rxc3 Qe7 $146 ({Predecessor:} 13... a5 14. b5 Qe7 15. Rc2 Rad8 16. Rd2 Kh8 17. d5 Bc8 {½-½ (77) Wesolowska,H (2080)-Blimke,D (2085) Warsaw 1994}) 14. d5 a5 15. a3 axb4 16. axb4 Ra2 17. Rc2 Ra3 18. Qc1 Rea8 19. Qb2 f5 20. Rd1 h6 21. c5 e4 22. cxd6 cxd6 23. Nd4 Bxd5 24. Bb5 Ne5 25. Qc1 Nd3 26. Rc8+ Kh7 27. Bxd3 exd3 28. Rc7 Qd8 29. Rc3 Ra2 30. Rcxd3 Rc8 31. Rc3 Rxc3 32. Qxc3 Qg5 33. Bg3 h5 34. h4 Qg4 35. Rd2 Qe4 36. f3 Qb1+ 37. Kh2 Ra1 38. Bxd6 Qh1+ 39. Kg3 g5 40. hxg5 h4+ 41. Kf4 Kg6 42. e4 Re1 43. exf5+ Kh5 44. f6 Qh2+ 45. Kf5 Qxd6 46. Ne2 $19 (46. Re2 $142 Bf7 47. Ke4 (47. g4+ $2 hxg3 48. Ke4 Rd1 $19) 47... Bg6+ 48. Ke3 Qe5+ 49. Kd2 Rxe2+ 50. Nxe2 Qxg5+ 51. Qe3) 46... Qe6+ 47. Kf4 Bf8 48. g4+ Kg6 49. Qd3+ Kf7 50. Qxd5 Rxe2 51. Qxe6+ Rxe6 52. Kf5 Rd6 53. g6+ Kg8 54. Rh2 Rd5+ 55. Ke4 Rg5 56. g7 Bxb4 57. Rxh4 Kf7 58. Rh8 Ba3 59. Ra8 Bb4 60. Rb8 Bc5 61. Kd3 Rg6 62. Kc4 Rg5 63. Ra8 b5+ 64. Kb3 Bd6 65. Rd8 Bc5 66. Kc2 Bb4 67. Kd3 Bc5 68. Ke4 Ba3 69. Ra8 Bb4 70. Kf4 Rg6 71. Kg3 Be1+ 72. Kh3 Bb4 73. f4 Bd6 74. f5 Rg5 75. Kh4 Kxf6 76. g8=Q Rxg8 77. Rxg8 b4 78. Rd8 Ke7 79. Ra8 b3 80. Ra7+ Kf6 81. Rb7 1-0

[Event "EYCC Girls U14 2018"]
[Site "Riga"]
[Date "2018.08.26"]
[Round "6"]
[White "Allahverdiyeva, Ayan"]
[Black "Wikar, Martyna"]
[Result "1/2-1/2"]
[ECO "B12"]
[WhiteElo "2046"]
[BlackElo "1974"]
[Annotator "NA"]
[PlyCount "88"]
[EventDate "2018.08.20"]
[EventType "swiss"]
[EventCountry "LAT"]
[SourceTitle "playchess.com"]
[Source "ChessBase"]
[SourceQuality "1"]
[TimeControl "40/5400+30:1800+30"]

1. e4 c6 2. d4 d5 3. e5 c5 4. dxc5 Nc6 5. Bb5 e6 6. b4 Nge7 7. Nf3 Bd7 8. c3 a5 9. Bd2 b6 10. Bxc6 Bxc6 11. cxb6 axb4 12. cxb4 Ba4 13. Qe2 Qxb6 14. Nc3 Nf5 15. Nxa4 Rxa4 16. O-O Be7 17. a3 O-O 18. Bc3 g5 19. Bb2 Kh8 20. Qd1 Qa6 21. Rc1 h6 22. Nd4 Nxd4 23. Qxd4 Kg7 24. Rc2 Rb8 25. Qe3 Qb5 26. Rfc1 Rb7 27. Rc8 Rba7 28. h4 d4 29. Qxd4 Rxa3 30. Bxa3 Rxa3 31. hxg5 hxg5 32. R8c4 Rb3 33. Qa7 Rxb4 34. Rc7 Rb1 35. Rxb1 Qxb1+ 36. Kh2 Qh7+ 37. Kg1 Qb1+ 38. Kh2 Qh7+ 39. Kg1 Qb1+ 40. Kh2 Qh7+ 41. Kg3 Qh4+ 42. Kf3 Qf4+ 43. Ke2 Qxe5+ 44. Kf1 Qb5+ {Ke2 Qe5+} 1/2-1/2

[Event "EYCC Girls U14 2018"]
[Site "Riga"]
[Date "2018.08.26"]
[Round "6"]
[White "Guillo Longares, Cecilia"]
[Black "Mkrtchyan, Mariam"]
[Result "1/2-1/2"]
[ECO "D70"]
[WhiteElo "2030"]
[BlackElo "1881"]
[Annotator "NA"]
[PlyCount "107"]
[EventDate "2018.08.20"]
[EventType "swiss"]
[EventCountry "LAT"]
[SourceTitle "playchess.com"]
[Source "ChessBase"]
[SourceQuality "1"]
[TimeControl "40/5400+30:1800+30"]

1. d4 Nf6 2. c4 g6 3. Nf3 Bg7 4. g3 O-O 5. Bg2 d6 6. O-O Nc6 7. Nc3 Nd7 8. e4 Nb6 9. b3 Bg4 10. Ne2 e5 11. Bb2 Bxf3 12. Bxf3 Qf6 13. Bg2 Nxd4 14. Nxd4 exd4 15. Qd3 c5 16. Rae1 Nd7 17. f4 Rab8 18. Bc1 Qd8 19. Bd2 Qc7 20. Kh1 a6 21. a4 Rbe8 22. g4 h6 23. Rf3 Nf6 24. Rg3 Re7 25. h4 Rfe8 26. g5 Nh5 27. Rg4 Kh7 28. Rf1 Qd7 29. f5 Re5 30. Bf3 b5 31. axb5 axb5 32. cxb5 Rb8 33. Be2 Qb7 34. fxg6+ fxg6 35. Rfg1 Rg8 36. Qf3 hxg5 37. Bxg5 Bh6 38. Bxh6 Kxh6 39. Bc4 Rg7 40. Qf8 Kh7 41. Qxd6 Rxe4 42. Bd5 Qe7 43. Qxe7 Rexe7 44. Be4 Re6 45. Bc2 Rd6 46. Bd3 Kh6 47. Kh2 Rf6 48. Be4 Rd6 49. Bd3 Rg8 50. Rc1 Rc8 51. Rcg1 Rg8 52. Rc1 Rc8 53. Rcg1 Rg8 54. Rc1 1/2-1/2

[Event "EYCC Girls U14 2018"]
[Site "Riga"]
[Date "2018.08.26"]
[Round "6"]
[White "Mironenko, Galina"]
[Black "Kuhar, Larisa"]
[Result "0-1"]
[ECO "A45"]
[WhiteElo "1998"]
[BlackElo "1877"]
[Annotator "NA"]
[PlyCount "76"]
[EventDate "2018.08.20"]
[EventType "swiss"]
[EventCountry "LAT"]
[SourceTitle "playchess.com"]
[Source "ChessBase"]
[SourceQuality "1"]
[TimeControl "40/5400+30:1800+30"]

1. d4 Nf6 2. Bf4 c5 3. e3 e6 4. Nf3 b6 5. Nbd2 Bb7 6. Bd3 cxd4 7. exd4 d6 8. O-O Be7 9. Re1 Nbd7 10. c3 O-O 11. h3 Rc8 12. Qe2 Qc7 13. Rac1 Qb8 14. c4 Rfe8 15. b4 Qa8 16. Bh2 Bf8 17. Qf1 g6 18. a3 a6 19. Bb1 Nh5 20. Rcd1 f5 21. Ba2 Ng7 22. Qd3 Nf6 23. Re3 Ne4 24. Ne1 Nh5 25. g4 Nhf6 26. Nxe4 Bxe4 27. Qe2 Bh6 28. f4 g5 29. Nd3 Kh8 30. Qb2 fxg4 31. hxg4 Nxg4 32. Rh3 Bxd3 33. Rdxd3 gxf4 34. Qe2 Rg8 35. Kf1 Qh1+ 36. Bg1 Ne3+ 37. Qxe3 Qg2+ 38. Ke1 fxe3 0-1

[Event "EYCC Girls U14 2018"]
[Site "Riga"]
[Date "2018.08.26"]
[Round "6"]
[White "Vorobyova, Ekaterina"]
[Black "Loskutova, Viktoriya"]
[Result "0-1"]
[ECO "D38"]
[WhiteElo "1861"]
[BlackElo "2088"]
[Annotator "NA"]
[PlyCount "70"]
[EventDate "2018.08.20"]
[EventType "swiss"]
[EventCountry "LAT"]
[SourceTitle "playchess.com"]
[Source "ChessBase"]
[SourceQuality "1"]
[TimeControl "40/5400+30:1800+30"]

1. d4 d5 2. c4 e6 3. Nc3 Bb4 4. Nf3 Nf6 5. Qa4+ Nc6 6. e3 O-O 7. Bd2 Re8 8. a3 Bf8 9. Be2 Ne7 10. O-O Ng6 11. c5 e5 12. Nxe5 Nxe5 13. dxe5 Rxe5 $15 14. Qd4 Re8 15. b4 c6 16. Qf4 g6 17. Bd3 Bg7 18. Rac1 Ng4 19. Qg3 h5 20. f4 d4 21. exd4 Bxd4+ 22. Kh1 Nf2+ 23. Rxf2 Bxf2 24. Qxf2 Qxd3 25. Rd1 Bg4 26. Re1 Rxe1+ 27. Qxe1 Bf5 28. h3 Rd8 29. Bc1 Qc2 30. Qe3 Kf8 31. Kh2 Rd3 32. Qe5 Qxc3 33. Qb8+ Kg7 34. Qe5+ Qxe5 35. fxe5 Rc3 0-1

[Event "EYCC Girls U14 2018"]
[Site "Riga"]
[Date "2018.08.26"]
[Round "6"]
[White "Lomaia, Diana"]
[Black "Dylag, Emilia"]
[Result "1/2-1/2"]
[ECO "B96"]
[WhiteElo "1851"]
[BlackElo "2095"]
[Annotator "NA"]
[PlyCount "116"]
[EventDate "2018.08.20"]
[EventType "swiss"]
[EventCountry "LAT"]
[SourceTitle "playchess.com"]
[Source "ChessBase"]
[SourceQuality "1"]
[TimeControl "40/5400+30:1800+30"]

1. e4 c5 2. Nf3 d6 3. d4 cxd4 4. Nxd4 Nf6 5. Nc3 a6 6. Bg5 e6 7. f4 h6 8. Bxf6 Qxf6 9. Qd2 Nc6 10. Nxc6 bxc6 11. O-O-O Qd8 12. g4 Be7 13. Qf2 Qa5 14. Rd3 Rb8 15. Bg2 d5 16. exd5 cxd5 17. h4 Bf6 18. a3 Be7 19. Nd1 h5 20. gxh5 Bf6 21. f5 Rxh5 22. fxe6 Bxe6 23. Bf3 Rh6 24. Qg3 Rc8 25. Rh2 Qa4 26. Bxd5 Bxh4 27. Qg2 Bg5+ 28. Kb1 Qf4 29. Rxh6 gxh6 30. Bxe6 fxe6 31. Ne3 Qe5 32. Qf3 a5 33. Qh5+ Ke7 34. Qf3 Bf6 35. Rb3 Bg5 36. Rd3 Rc7 37. Rb3 Rd7 38. Ka2 a4 39. Rc3 Bxe3 40. Rxe3 Qd5+ 41. Qxd5 Rxd5 42. Re4 Ra5 43. b3 h5 44. bxa4 Kf6 45. Kb3 Kf5 46. Rh4 Kg5 47. Re4 Kf5 48. Rh4 Kg5 49. Re4 Kf5 50. Rc4 e5 51. Kb4 Rd5 52. a5 e4 53. Rc8 e3 54. Re8 Rd4+ 55. Kc3 Ra4 56. Kd3 Rxa3+ 57. Ke2 Rxa5 58. Kxe3 Re5+ {[%emt 0:00:31] Ke4+} 1/2-1/2

[Event "EYCC Girls U14 2018"]
[Site "Riga"]
[Date "2018.08.26"]
[Round "6"]
[White "Mihailova, Alina"]
[Black "Kirchei, Viktoriia"]
[Result "1-0"]
[ECO "A40"]
[WhiteElo "1829"]
[BlackElo "1987"]
[Annotator "NA"]
[PlyCount "147"]
[EventDate "2018.08.20"]
[EventType "swiss"]
[EventCountry "LAT"]
[SourceTitle "playchess.com"]
[Source "ChessBase"]
[SourceQuality "1"]
[TimeControl "40/5400+30:1800+30"]

1. d4 Nf6 2. c4 e6 3. g3 d5 4. Nf3 Nbd7 5. Bg2 c6 6. O-O Bd6 7. Qc2 O-O 8. Rd1 Ne4 9. Nc3 f5 10. b3 Ndf6 11. Ne5 Qa5 12. Bd2 Nxd2 13. Qxd2 Qc7 14. f4 Qe7 15. e3 Nd7 16. Ne2 Rf6 17. Nd3 Rh6 18. c5 Bc7 19. b4 Nf6 20. Nf2 Bd7 21. Nc3 Qe8 22. Bf3 Rg6 23. Qe2 h5 24. Kg2 Rh6 25. Nh3 Ne4 26. Qc2 h4 27. Nxe4 fxe4 28. Bg4 Qg6 29. Nf2 Rf8 30. Qe2 Qh7 31. Rh1 Bd8 32. Rag1 a5 33. a3 axb4 34. axb4 Bc7 35. Nh3 Qg6 36. Nf2 Qf7 37. Ra1 Bb8 38. Rab1 Qe7 39. Nh3 Rg6 40. Bh5 Rh6 41. Bg4 Bc8 42. Ra1 Bc7 43. Rhf1 g6 44. Ra8 Kg7 45. Ng5 Bd7 46. Rxf8 Kxf8 47. Qa2 Kg7 48. Qa8 b5 49. cxb6 Bxb6 50. Qb7 Bd8 51. Bxe6 Be8 52. Bc8 Qxb7 53. Bxb7 Bxg5 54. fxg5 h3+ 55. Kg1 Rh5 56. Rc1 Rxg5 57. Bxc6 Bxc6 58. Rxc6 Rf5 59. b5 Rf8 60. Rc5 Ra8 61. g4 Ra2 62. b6 Rb2 63. Rxd5 Rg2+ 64. Kf1 Rxh2 65. Rb5 Rc2 66. Kg1 Rc8 67. b7 Rb8 68. Kh2 Kf6 69. g5+ Ke6 70. Kxh3 Kd6 71. Kg4 Kc6 72. Rb4 Rxb7 73. Rxb7 Kxb7 74. Kf4 1-0

[Event "EYCC Girls U14 2018"]
[Site "Riga"]
[Date "2018.08.26"]
[Round "6"]
[White "Hakobyan, Astghik"]
[Black "Levitan, Ronit"]
[Result "1/2-1/2"]
[ECO "C44"]
[WhiteElo "1820"]
[BlackElo "1933"]
[Annotator "NA"]
[PlyCount "128"]
[EventDate "2018.08.20"]
[EventType "swiss"]
[EventCountry "LAT"]
[SourceTitle "playchess.com"]
[Source "ChessBase"]
[SourceQuality "1"]
[TimeControl "40/5400+30:1800+30"]

1. e4 e5 2. Nf3 Nc6 3. d4 exd4 4. Nxd4 Nf6 5. Nc3 Bb4 6. Nxc6 bxc6 7. Bd3 O-O 8. O-O d5 9. exd5 cxd5 10. h3 c6 11. Qf3 Be6 12. Bf4 Bd6 13. Ne2 c5 14. Rad1 Bxf4 15. Nxf4 Qb6 16. b3 c4 17. bxc4 dxc4 18. Nxe6 Qxe6 19. Rfe1 Qa6 20. Bf1 Rac8 21. Qc3 Qb5 22. Re5 Qb6 23. Rd4 Rcd8 24. Rxc4 h6 25. Rc6 Qb1 26. Re1 Qxa2 27. Bc4 Qa4 28. Rxf6 gxf6 29. Re4 Rd1+ 30. Kh2 Qa1 31. Rg4+ Kh8 32. Qf3 Rh1+ 33. Kg3 Qe5+ 34. Qf4 Qxf4+ 35. Kxf4 Rd1 36. Kf5 Rd6 37. Re4 a5 38. Re7 Kg7 39. Ra7 Rd2 40. f4 Rxc2 41. Bd5 Rd2 42. Rxa5 Rd8 43. Bf3 R8d4 44. Kg4 Kg6 45. h4 Rb2 46. h5+ Kg7 47. Kg3 Rbb4 48. Rf5 Ra4 49. Kg4 Ra3 50. Rb5 Rda4 51. Rb7 Ra5 52. Be4 Ra2 53. g3 Re2 54. Bg6 f5+ 55. Kf3 Rc2 56. Rxf7+ Kg8 57. Rxf5 Rc3+ 58. Kg4 Raa3 59. Re5 Rxg3+ 60. Kf5 Ra4 61. Re8+ Kg7 62. Re7+ Kg8 63. Re8+ Kg7 64. Re7+ Kg8 {[%emt 0:00:06] Ke4} 1/2-1/2

[Event "EYCC Girls U14 2018"]
[Site "Riga"]
[Date "2018.08.27"]
[Round "7"]
[White "Garifullina, Leya"]
[Black "Juhasz, Judit"]
[Result "1-0"]
[ECO "B31"]
[WhiteElo "2106"]
[BlackElo "1897"]
[Annotator "NA"]
[PlyCount "91"]
[EventDate "2018.08.20"]
[EventType "swiss"]
[EventCountry "LAT"]
[SourceTitle "playchess.com"]
[Source "ChessBase"]
[SourceQuality "1"]
[TimeControl "40/5400+30:1800+30"]

1. e4 {[%emt 0:00:00] Schulz,André} c5 2. Nf3 Nc6 3. Bb5 g6 4. Bxc6 bxc6 5. O-O Bg7 6. Re1 Nf6 7. e5 Nd5 8. c4 Nc7 9. d4 cxd4 10. Qxd4 O-O 11. Qh4 Ne6 12. Nc3 f6 13. Ne4 {[%emt 0:12:18] [#] B31: Sicilian: 2...Nc6 3 Bb5 g6} Qc7 $146 ({Predecessor:} 13... fxe5 14. Nfg5 Nxg5 15. Bxg5 Qb6 16. c5 Qxb2 17. Rad1 d5 18. cxd6 exd6 19. Rxd6 Bf5 20. Nf6+ Bxf6 21. Bxf6 Rab8 22. Qc4+ Rf7 23. Red1 Qb1 24. h3 {1-0 (24) Van Wely,L (2667)-Hou,Y (2673) Wijk aan Zee 2015 CBM 165 [Schulz,André]}) 14. exf6 exf6 15. Bd2 Rb8 16. Bc3 Qf4 17. Qxf4 Nxf4 18. Nd6 Ne6 19. Rad1 Bb7 20. Nd4 Nf4 21. Re4 Bh6 22. Nxb7 Rxb7 23. Bd2 c5 24. Nb3 g5 25. Bxf4 gxf4 26. g3 fxg3 27. hxg3 Rf7 28. Re8+ Kg7 29. Re2 Rb4 30. Rc2 f5 31. Nxc5 f4 32. g4 f3 33. Rxd7 Rxd7 34. Nxd7 Bf4 35. Nc5 Rb6 36. Nd3 Bc7 37. Ne1 Rf6 38. Kf1 Kg6 39. Rc3 Kg5 40. Rxf3 Rxf3 41. Nxf3+ Kxg4 42. Kg2 a5 43. c5 Kf4 (43... Kf5 $142 44. Nd4+ Kf6) 44. Nd4 $18 Ke5 45. Nb5 Bd8 46. c6 1-0